[Event "Late-Titled-Tuesday-Blitz-April-23-2024"]
[Site "Chess.com"]
[Date "2024.04.23"]
[Round "3"]
[White "subham777"]
[Black "ChessGiantYouTube"]
[Result "1-0"]
[WhiteElo "2525"]
[BlackElo "2342"]
[TimeControl "180+1"]
[EndTime "14:31:18 PDT"]
[Termination "subham777 won by checkmate"]

1. e4 g6 2. g3 b6 3. Bg2 Bb7 4. Ne2 Bg7 5. O-O d6 6. d4 e6 7. c4 Nd7 8. Nbc3 Ne7 9. h4 h6 10. Be3 O-O 11. Qd2 Kh7 12. Rad1 Rb8 13. f4 f5 14. e5 Qe8 15. Bxb7 Rxb7 16. exd6 cxd6 17. Nb5 Nc8 18. Rfe1 Nf6 19. Nec3 a6 20. Na3 Ng4 21.
Qg2 Ra7 22. Nc2 Ne7 23. Bc1 Ng8 24. Nb4 N8f6 25. Nc6 Rc7 26. d5 e5 27. fxe5 dxe5 28. Be3 Nxe3 29. Rxe3 Ng4 30. Re2 e4 31. Na4 Rxc6 32.
dxc6 Qxc6 33. b3 b5 34. Nb2 Bxb2 35. Rxb2 Ne3 36. Qd2 Nxd1 37. Qxd1 Qb6+ 38. Kh2 Rd8 39. Rd2 Qf2+ 40. Rxf2 Rxd1 41. Rc2 e3 42. Kh3 Rd2 43. Rc1 e2 44. Re1 bxc4 45. bxc4 Rxa2 46.
c5 Rc2 47. c6 Rxc6 48. Rxe2 Kg7 49. Re7+ Kf6 50. Ra7 g5 51. h5 Ke5 52. Rg7 Ke4 53.
Rg6 Kd5 54. Rg8 a5 55. Ra8 Rc5 56. Ra6 Ke4 57. Rxh6 f4 58. Ra6 Kf3 59. gxf4 gxf4 60. Kh4 Kg2 61. h6 f3 62. Rg6+ Kh2 63. h7 Rc8 64. Rg8 Rc4+ 65. Kg5 f2 66. h8=Q+ Kg1 67.
Kf6+ Kf1 68. Qh1+ Ke2 69. Re8+ Kd3 70. Qd5+ Rd4 71. Qb3+ Kd2 72. Qb2+ Kd3 73. Qxf2 Kc4 74. Rc8+ Kd5 75. Rd8+ Kc6 76. Qxd4 a4 77. Qd5+ Kc7 78. Rd7+ Kb6 79. Rd6+ Ka7 80. Qf7+ Kb8 81. Rd8# 1-0

[Event "Late-Titled-Tuesday-Blitz-April-23-2024"]
[Site "Chess.com"]
[Date "2024.04.23"]
[Round "3"]
[White "MetiForce"]
[Black "enriquetejedor"]
[Result "1/2-1/2"]
[WhiteElo "2927"]
[BlackElo "2734"]
[TimeControl "180+1"]
[EndTime "14:31:21 PDT"]
[Termination "Game drawn by repetition"]

1. c4 e5 2. Nc3 g6 3. Nf3 d6 4. d4 Bg7 5. h4 Nc6 6. dxe5 Nxe5 7.
h5 Bg4 8. h6 Bf6 9. Nd5 Bxf3 10. gxf3 c6 11. Nxf6+ Nxf6 12. Qb3 Qb6 13. f4 Ned7 14.
Be3 Qa5+ 15. Bd2 Qb6 16. Bh3 Nc5 17. Qe3+ Kf8 18. Bc3 Re8 19. Qd4 Nce4 20. f3 Nxc3 21. Qxc3 Qe3 22. Qxe3 Rxe3 23. Kf2 Re8 24. Rad1 Ke7 25.
e4 Rd8 26. Rd3 Nd7 27. Rhd1 Nc5 28. Ra3 a6 29. b4 Ne6 30. Ke3 Rhe8 31. Rad3 Nc7 32.
a4 f6 33. Kf2 Na8 34. c5 dxc5 35. Rd7+ Rxd7 36. Rxd7+ Kf8 37. bxc5 Re7 38. Rxe7 Kxe7 39.
Bc8 Nc7 40. Bxb7 Kd7 41. Ke3 Ne6 42. Bxa6 Nxc5 43. Bc4 Nxa4 44. Bg8 Ke7 45. Bxh7 Kf7 46. e5 Nc5 47. Kd4 Ne6+ 48. Ke4 f5+ 49. Ke3 Nf8 50. Bxg6+ Kxg6 51. Kd4 Ne6+ 52. Kc4 Nxf4 53. Kc5 Nd3+ 54. Kd6 Nf4 55. Kxc6 Kxh6 56. Kd6 Kg5 57. e6 Ng6 58. e7 Nxe7 59. Kxe7 f4 60. Ke6 Kg6 61.
Ke5 Kg5 62. Ke4 Kg6 63. Ke5 Kg5 64. Kd5 Kf5 65. Kd4 Kf6 66. Kd5 Kf5 67. Kd4 Kf6 68. Ke4 Kg5 69. Ke5 Kg6 70. Ke6 Kg5 71.
Ke5 Kg6 72. Kd6 Kf5 73. Kd5 Kg6 74. Ke5 1/2-1/2

[Event "Late-Titled-Tuesday-Blitz-April-23-2024"]
[Site "Chess.com"]
[Date "2024.04.23"]
[Round "3"]
[White "Narek_Ghimoyan"]
[Black "jaskol95"]
[Result "1-0"]
[WhiteElo "2442"]
[BlackElo "2591"]
[TimeControl "180+1"]
[EndTime "14:31:21 PDT"]
[Termination "Narek_Ghimoyan won by checkmate"]

1. d4 Nf6 2. c4 c6 3. Nf3 d5 4. Nc3 a6 5. c5 Bf5 6. Qb3 Ra7 7. Bf4 Nbd7 8. e3 h6 9. h3 e6 10. Be2 Be7 11. O-O O-O 12. a4 Ne4 13. Nxe4 Bxe4 14. a5 Bxf3 15. Bxf3 e5 16. Bxe5 Nxe5 17. dxe5 Bxc5 18. Ra4 Qc7 19. Qc3 Be7 20. Bxd5 Rd8 21. Ba2 b5 22. Rf4 Rf8 23. Qb3 Bg5 24. Rf5 g6 25.
Rxg5 hxg5 26. e6 c5 27. exf7+ Kh7 28. Qd5 c4 29. Qxg5 Qxf7 30. Bb1 Qf6 31. Qg4 Rg7 32. Rd1 Qxf2+ 33. Kh1 Qxb2 34. Qh5+ Kg8 35. Bxg6 Qf6 36. Qd5+ Kh8 37. Qh5+ Kg8 38. Be4 Rd8 39. Bd5+ Kf8 40. Rd4 Ke7 41. Re4+ Kd6 42. Rd4 Kc7 43. Bf3 Rxd4 44.
Qc5+ Kd7 45. exd4 Qd6 46. Qa7+ Qc7 47. Qxa6 c3 48. Qxb5+ Kd8 49. Qd5+ Kc8 50. Qf5+ Kb8 51. Qb5+ Ka7 52. Be4 c2 53. Qb6+ Qxb6 54. axb6+ Kxb6 55. Bxc2 Kc6 56. Be4+ Kd6 57. Bf3 Ra7 58. Kh2 Ra4 59. d5 Ke5 60. Kg3 Kf5 61. h4 Rd4 62. h5 Kg5 63.
Kf2 Kh6 64. Ke3 Ra4 65. d6 Ra6 66. d7 Rd6 67. Bg4 Kg5 68. Kf3 Rd3+ 69. Ke4 Rd2 70. Be6 Kxh5 71. Bd5 Re2+ 72. Kd4 Rd2+ 73. Ke5 Re2+ 74. Kd6 Re3 75. d8=Q Kg4 76. Qg8+ Kf4 77. Qf7+ Kg3 78. Qg6+ Kh2 79. Qh5+ Kg1 80. g4 Rg3 81. g5 Kf2 82. g6 Kg1 83. Qh7 Kf2 84. g7 Kg1 85. g8=Q Kf2 86. Qxg3+ Kf1 87. Qf5+ Ke2 88. Qff2+ Kd1 89. Qgg1# 1-0

[Event "Late-Titled-Tuesday-Blitz-April-23-2024"]
[Site "Chess.com"]
[Date "2024.04.23"]
[Round "3"]
[White "Gravity_Chess"]
[Black "albi1999"]
[Result "0-1"]
[WhiteElo "2865"]
[BlackElo "2669"]
[TimeControl "180+1"]
[EndTime "14:31:27 PDT"]
[Termination "albi1999 won by resignation"]

1. c4 Nf6 2. Nc3 e6 3. e4 c5 4. e5 Ng8 5. d4 cxd4 6. Qxd4 Nc6 7. Qf4 d6 8. Nf3 Nge7 9. exd6 Ng6 10. Qg5 f6 11.
Qh5 Qxd6 12. Be3 a6 13. Rd1 Qb4 14. Bd3 f5 15. O-O Be7 16. a3 Qxb2 17. Na4 Qf6 18. Nb6 Rb8 19. Rfe1 O-O 20. Ng5 h6 21. Nf3 Qf7 22. c5 Rd8 23. Bc4 Nge5 24. Qxf7+ Kxf7 25. Rxd8 Nxf3+ 26. gxf3 Bxd8 27. Bf4 Bxb6 28. Bxb8 Bxc5 29.
Bf4 Bxa3 30. Rd1 Ke7 31. Be3 Bd6 32. Bb6 Bd7 33. h3 Ne5 34. Be2 Bc6 35. f4 Nf3+ 36. Bxf3 Bxf3 37. Rd3 Be4 38. Rg3 g5 39. Rc3 gxf4 40. f3 Bc6 41. Kf2 e5 42. Rd3 Ke6 43.
Rc3 e4 44. Ba7 Be5 45. Rc1 Bf6 46. Ke2 exf3+ 47. Kf2 Bh4+ 48. Kg1 f2+ 49. Bxf2 Bxf2+ 50. Kxf2 a5 51. Rc4 f3 52. Ke3 a4 53. Rb4 Kd6 54. Rf4 Be4 55. Rh4 a3 56. Rxh6+ Kc5 57. Rh8 b5 58.
Rc8+ Kb6 59. Rb8+ Ka5 60. Rg8 a2 61. Rg7 Kb4 62. Ra7 Kb3 63. h4 Kb2 64. h5 a1=Q 65. Rxa1 Kxa1 66. h6 f4+ 67. Kxe4 f2 68. h7 f1=Q 69.
h8=Q+ Kb1 70. Qb8 Qc4+ 71. Kf3 b4 72. Qe5 Kc2 73. Qf6 Qc3+ 74. Qxc3+ Kxc3 75. Kxf4 b3 0-1

[Event "Late-Titled-Tuesday-Blitz-April-23-2024"]
[Site "Chess.com"]
[Date "2024.04.23"]
[Round "3"]
[White "MyDream003"]
[Black "Bilan_Danila"]
[Result "1/2-1/2"]
[WhiteElo "2838"]
[BlackElo "2568"]
[TimeControl "180+1"]
[EndTime "14:31:33 PDT"]
[Termination "Game drawn by repetition"]

1. Nf3 d5 2. e3 Nf6 3. c4 c6 4. b3 Bf5 5. Bb2 e6 6. Be2 Nbd7 7. O-O Bd6 8. Nh4 Bg6 9. Nxg6 hxg6 10.
g3 e5 11. cxd5 cxd5 12. d3 Qe7 13. a3 Qe6 14. Bf3 Qh3 15. Re1 Qxh2+ 16. Kf1 Qh3+ 17.
Bg2 Qe6 18. Nc3 a6 19. Rc1 Nb6 20. b4 O-O 21. Kg1 Rfd8 22. Qb3 Be7 23. Ne2 Rac8 24. a4 Rxc1 25. Rxc1 Rc8 26. Rxc8+ Nxc8 27. Nc3 d4 28. Qxe6 fxe6 29. exd4 exd4 30. Na2 Nd5 31. Bxd4 b5 32. axb5 axb5 33. Bxd5 exd5 34. Nc3 Bxb4 35. Nxb5 Kf7 36. Kg2 Be7 37. Nc7 Bf6 38. Bc5 d4 39. Kf3 Ne7 40. Bxe7 Kxe7 41. Ke4 Kd6 42. Nd5 Kc5 43.
Nf4 g5 44. Ne6+ Kb4 45. Nxd4 Kc3 46. Nf3 Be7 47. g4 Bc5 48. d4 Be7 49. Ke3 Bf6 50. Ke4 Kc4 51. d5 Kc5 52. Ne5 Kd6 53. Nd3 Bc3 54.
f3 Bd2 55. Nb2 Bc3 56. Nc4+ Kc5 57. Ne3 Kd6 58. Nf5+ Kc5 59. Ne7 Bf6 60. Nf5 Bc3 61. Ng3 Bf6 62. Ne2 Kd6 63. Nc1 Kc5 64. Nd3+ Kd6 65. Ne1 Kc5 66. Nc2 Kd6 67. Nd4 Kc5 68. Nf5 Bc3 1/2-1/2

[Event "Late-Titled-Tuesday-Blitz-April-23-2024"]
[Site "Chess.com"]
[Date "2024.04.23"]
[Round "3"]
[White "LiemLe"]
[Black "Cayse"]
[Result "0-1"]
[WhiteElo "3051"]
[BlackElo "2815"]
[TimeControl "180+1"]
[EndTime "14:31:37 PDT"]
[Termination "Cayse won by checkmate"]

1. Nf3 d5 2. e3 Nf6 3. c4 e6 4. Nc3 c5 5. d4 cxd4 6. exd4 dxc4 7. Bxc4 a6 8. O-O b5 9. Bb3 Bb7 10. Bg5 Be7 11. d5 Nxd5 12. Bxd5 Bxd5 13. Bxe7 Kxe7 14.
Re1 Bb7 15. Qe2 Nd7 16. Rad1 Qc7 17. Ng5 Nf6 18. Nce4 Nxe4 19. Nxe4 Rhd8 20. Rc1 Qe5 21. Qg4 Bxe4 22. Rxe4 Qxb2 23. Rc7+ Rd7 24. Rxd7+ Kxd7 25. h4 Ke7 26. Rd4 Kf8 27. Qe4 Rc8 28. Qe5 Qc1+ 29. Kh2 Qc7 30. Rd6 Ke7 31. Rd5 Qxe5+ 32. Rxe5 Rc2 33. a4 bxa4 34. Ra5 Rxf2 35. Rxa4 Rd2 36. Rxa6 h5 37. Ra5 g6 38. Kg3 Rd4 39. Kh3 Kf6 40. g3 e5 41. Kg2 Kf5 42. Kf3 f6 43. Ra3 e4+ 44. Kf2 Rd2+ 45. Kg1 Rd3 46. Ra6 Rxg3+ 47. Kf2 Rf3+ 48. Kg2 Rd3 49. Ra5+ Kf4 50.
Ra6 Rd2+ 51. Kh3 Ke5 52. Ra5+ Rd5 53. Ra6 e3 54. Kg3 f5 55. Kf3 f4 56. Ra4 Rd1 57. Re4+ Kd5 58. Re8 Rf1+ 59. Ke2 Rf2+ 60. Ke1 Kd4 61. Rd8+ Ke4 62. Rg8 Kf3 63. Rxg6 Rh2 64. Rg1 Rxh4 65. Rf1+ Ke4 66. Rg1 f3 67.
Kf1 Rg4 68. Rh1 h4 69. Rh3 Kf4 70. Rh1 f2 71. Ke2 Rg1 72. Rxh4+ Kg5 73. Kxe3 f1=Q 74. Re4 Qe1+ 75. Kd4 Qxe4+ 76. Kxe4 Rg4+ 77. Kf3 Rf4+ 78. Ke3 Kf5 79. Kd3 Ke5 80. Ke3 Rf5 81. Kd3 Rf3+ 82.
Kc4 Re3 83. Kc5 Rc3+ 84. Kb4 Kd4 85. Kb5 Rc2 86. Kb6 Rc1 87. Kb5 Rc2 88. Kb4 Kd3 89. Kb3 Rc8 90. Kb4 Kd4 91. Kb5 Kd5 92. Kb6 Rc1 93. Kb5 Rb1+ 94. Ka4 Kc5 95. Ka3 Rb8 96.
Ka2 Rb7 97. Ka1 Rb6 98. Ka2 Kc4 99. Ka3 Rb7 100. Ka2 Kc3 101. Ka3 Ra7# 0-1

[Event "Late-Titled-Tuesday-Blitz-April-23-2024"]
[Site "Chess.com"]
[Date "2024.04.23"]
[Round "3"]
[White "MKlose11"]
[Black "IndianSchoolOfSuffering"]
[Result "1-0"]
[WhiteElo "2601"]
[BlackElo "2410"]
[TimeControl "180+1"]
[EndTime "14:31:39 PDT"]
[Termination "MKlose11 won on time"]

1. e4 e5 2. Nf3 Nc6 3. d4 exd4 4. Bc4 Nf6 5. O-O Nxe4 6. Re1 d5 7. Bxd5 Qxd5 8. Nc3 Qa5 9. Nxe4 Be6 10. Neg5 O-O-O 11. Nxe6 fxe6 12. Rxe6 Qd5 13. Qe2 d3 14. cxd3 Qxd3 15. Bg5 Qxe2 16. Rxe2 Bd6 17. Bxd8 Rxd8 18. Kf1 h6 19.
Rd1 Rf8 20. Nd4 Nxd4 21. Rxd4 b6 22. g3 a5 23. Kg2 Bc5 24. Rd5 Rf7 25. f4 Kb7 26.
Kf3 Kc6 27. Rde5 Rd7 28. Re6+ Kb5 29. Kg4 a4 30. Kh5 a3 31. bxa3 Bxa3 32. Kg6 Bc5 33. f5 Kc4 34. f6 gxf6 35. Kxh6 Bd4 36. h4 b5 37. h5 c5 38. Kg6 Rd5 39. Rh2 Rg5+ 40.
Kf7 Rxg3 41. h6 f5 42. h7 Rg7+ 43. Kf8 Ra7 44. Rh4 Kd5 45. Rxd4+ cxd4 46. h8=Q Kxe6 47.
Qxd4 Rd7 48. Qc5 Rd5 49. Qc6+ Ke5 50. Kg7 f4 51. Qc2 f3 52. Kg6 Kf4 53. Qc1+ Ke4 54.
Qe1+ Kf4 55. Qf2 Re5 56. a3 Rg5+ 57. Kf6 Rf5+ 58. Ke6 Re5+ 59. Kd6 Re2 60. Qd4+ Kg3 61. Qg7+ Kh2 62. Qh6+ Kg2 63. Qg5+ Kf1 64. Qxb5 f2 65. a4 Ke1 66. Qb1+ Kd2 67. Qb2+ Ke3 68. Qc1+ Kf3 69.
Qd1 Ke3 70. Qc1+ Kf3 71. a5 Re1 72. Qc6+ Kg3 73. Qc3+ Kg2 74. Qg7+ Kh2 75. Qh6+ Kg1 76. Qg5+ Kh1 77. Qh4+ Kg1 78. Qg3+ Kf1 79. a6 Re2 80. Qc3 Kg2 81. Qg7+ Kh2 82. Qh6+ Kg3 83. Qg5+ Kf3 84. Qh5+ Ke3 85. a7 f1=Q 86. a8=Q Qf4+ 87. Qe5+ 1-0

[Event "Late-Titled-Tuesday-Blitz-April-23-2024"]
[Site "Chess.com"]
[Date "2024.04.23"]
[Round "3"]
[White "KNVB"]
[Black "Fandorine"]
[Result "0-1"]
[WhiteElo "2711"]
[BlackElo "2930"]
[TimeControl "180+1"]
[EndTime "14:31:41 PDT"]
[Termination "Fandorine won by resignation"]

1. d4 Nf6 2. Bf4 d6 3. e3 g6 4. h3 Bg7 5. Nf3 c5 6. c3 Qb6 7. Qb3 Be6 8. Qxb6 axb6 9. a3 Bd5 10. Nbd2 O-O 11. Bd3 cxd4 12. exd4 Bc6 13. O-O b5 14.
Rfe1 Nd5 15. Bg3 Nd7 16. Nf1 N7b6 17. N3d2 Rfd8 18. Ne3 Kf8 19. Bh4 Bf6 20. Bxf6 Nxf6 21. f3 e5 22. Kf2 h5 23. h4 Re8 24. Bc2 Rad8 25. Rad1 Kg7 26. Bb3 Re7 27. Ndf1 Rde8 28. Rd2 exd4 29. Rxd4 d5 30. Rdd1 Nc4 31. Bxc4 dxc4 32.
Nc2 Nd7 33. Rxe7 Rxe7 34. Nfe3 Nc5 35. Ne1 Na4 36. Rd2 Rd7 37. Rxd7 Bxd7 38. Nd1 Kf6 39. Ke3 Ke5 40. Nc2 f6 41. Nb4 g5 42. g3 gxh4 43.
gxh4 Be6 44. f4+ Kf5 45. Kf3 Bd7 46. Ne3+ Ke6 47. Nd1 Be8 48. Nc2 Kd5 49. Nd4 Bd7 50.
Ne3+ Kd6 51. f5 Ke5 52. Nd1 Bc6+ 53. Ke3 Be8 54. b3 Nb6 55. b4 Nd5+ 56. Kd2 Nf4 57. Ne3 Ke4 58. Nf1 Ng2 59. Ne6 Ke5 60. Nc7 Bc6 61.
Ng3 Nxh4 62. Nxh5 Nxf5 63. Ng7 Nd6 64. Nh5 f5 65. Ke3 Ne4 66. Nf4 Nxc3 67. Ng6+ Kd6 68.
Na8 Nd5+ 69. Kd4 f4 70. Ne5 Ne7 71. Ng4 Ke6 72. Nb6 Nf5+ 73. Kc3 f3 74. Nf2 Ke5 75.
a4 bxa4 76. Nxc4+ Kf4 77. Na3 b5 78. Nd3+ Kg3 79. Nc2 f2 80. Nxf2 Kxf2 81. Na3 Ne3 82. Kd4 Nd1 83. Kc5 Be8 84. Nc2 Ke2 85. Na3 Kd3 86. Kb6 Ne3 87. Ka5 Nc4+ 88. Nxc4 Kxc4 89. Kb6 a3 90. Ka7 a2 91. Kb6 Kxb4 0-1

[Event "Late-Titled-Tuesday-Blitz-April-23-2024"]
[Site "Chess.com"]
[Date "2024.04.23"]
[Round "3"]
[White "ellatambien"]
[Black "MatthewG-p4p"]
[Result "0-1"]
[WhiteElo "2708"]
[BlackElo "2914"]
[TimeControl "180+1"]
[EndTime "14:31:47 PDT"]
[Termination "MatthewG-p4p won by resignation"]

1. c4 c5 2. Nf3 g6 3. d4 cxd4 4.
Nxd4 Bg7 5. e4 Nc6 6. Be3 Qb6 7. Nb5 Qa5+ 8. N1c3 Nf6 9. f3 d6 10. Be2 O-O 11. O-O a6 12. Nd4 Nxd4 13. Bxd4 Be6 14.
b3 Rac8 15. a4 Nd7 16. Bxg7 Kxg7 17. Qd4+ Kg8 18. Kh1 f5 19. exf5 Qxf5 20. Bd3 Qc5 21. Qxc5 Nxc5 22. Bc2 Bf5 23. Bxf5 gxf5 24. Rab1 Kf7 25.
Kg1 e5 26. Rfd1 Rfd8 27. Rd5 Ne6 28. Kf2 Nf4 29. Rd2 Ne6 30. Rd5 Nd4 31. Ne2 Nc6 32.
Rbd1 Ke6 33. Nc3 Nd4 34. Rb1 Rg8 35. f4 h5 36. Re1 Nc6 37. Red1 Rgd8 38. g3 e4 39. Ne2 Rd7 40. a5 Rdd8 41. Ke3 Rd7 42. b4 Nxb4 43. Nd4+ Kf6 44. Rxf5+ Kg6 45. Rg5+ Kf6 46. Rc1 Nd3 47. Rc3 d5 48. c5 Rxc5 49. Rxc5 Nxc5 50. Rxh5 Nd3 51. Rh6+ Kg7 52. Nf5+ Kf7 53.
Rh7+ Ke6 54. Rxd7 Kxd7 55. Kd4 Nb4 56. Ne3 Kd6 57. Nf5+ Ke6 58. Ne3 Kd6 59. Nf5+ Ke6 60. g4 Nc6+ 61. Ke3 Nxa5 62. Nd4+ Kd6 63. h4 Nc4+ 64.
Ke2 a5 65. h5 Ke7 66. g5 Nd6 67. f5 a4 68. f6+ Kf7 69. h6 Kg6 70. Ne6 Nf7 71.
Nf4+ Kxg5 72. Nxd5 a3 73. Nc3 Kxh6 74. Ke3 Ng5 75.
f7 Kg7 76. Kf4 Kxf7 77. Na2 b5 78. Ke3 Ke6 79. Kd4 Kf5 80. Nb4 Ne6+ 81. Ke3 Ke5 82. Na2 Nc5 83. Nb4 Ke6 84. Kd4 Kd6 85. Nc2 a2 86.
Kc3 e3 87. Kb2 e2 88. Kxa2 Nd3 89. Kb3 e1=Q 90. Nxe1 Nxe1 91. Kc3 Kc5 92. Kd2 Nf3+ 93. Ke3 Ne5 0-1

[Event "Late-Titled-Tuesday-Blitz-April-23-2024"]
[Site "Chess.com"]
[Date "2024.04.23"]
[Round "3"]
[White "stollenmonster"]
[Black "Cambek64"]
[Result "1-0"]
[WhiteElo "2919"]
[BlackElo "2529"]
[TimeControl "180+1"]
[EndTime "14:32:00 PDT"]
[Termination "stollenmonster won on time"]

1. e4 e6 2. Nc3 d5 3. g3 d4 4.
Nce2 c5 5. d3 Nc6 6. Bg2 e5 7.
h3 Bd6 8. f4 f6 9. Nf3 Be6 10.
O-O Nge7 11. f5 Bf7 12. g4 h6 13. Ng3 Qd7 14. Nh5 Rh7 15. Nh4 O-O-O 16. b3 Kb8 17. a4 b6 18. Bd2 a6 19. Kh2 Kb7 20. Qe2 Nc8 21. Bf3 a5 22. Rg1 Nb4 23. Qd1 Na7 24.
Ng6 Nac6 25. Ng3 Bc7 26. h4 Bd6 27. Kg2 Ne7 28. Nxe7 Bxe7 29. Rh1 Rdh8 30. Rc1 Qd8 31. Qe2 Ka7 32. Be1 Kb7 33. Bf2 Ka7 34. Rh2 Kb7 35.
Rch1 Ka7 36. Qd1 Kb7 37. Be1 Ka7 38. Bd2 Kb7 39. Bc1 Ka7 40. Nf1 Kb7 41. Nd2 Ka7 42. Be2 Kb7 43. Nf3 Na2 44. Bd2 Nb4 45. Qc1 Kb8 46.
Bd1 Kb7 47. g5 hxg5 48. hxg5 Rxh2+ 49. Rxh2 Rxh2+ 50. Kxh2 Bh5 51. g6 Bxf3 52. Bxf3 Qh8+ 53. Kg3 Kc7 54. Qd1 Kb7 55. Bc1 Kc7 56. Qe2 Bd6 57.
Qd1 Be7 58. Bd2 Bd6 59. Be2 Be7 60. Qc1 Bd6 61. c3 dxc3 62. Qxc3 Qg8 63. Kg2 Nc6 64. Be3 Nd4 65. Bd1 Kb7 66. Qb2 Qh8 67. Qc1 Qg8 68. Qd2 Bc7 69. Qf2 Qh8 70. Qg3 Bd6 71. Qf2 Bc7 72.
Qa2 Qg8 73. Kg3 Bd6 74. Kg4 Bc7 75. Qb2 Bd6 76. Bxd4 exd4 77. e5 Bxe5 78. Qg2+ Kc7 79. Qe4 Qe8 80. Bf3 Kd6 81. Qd5+ Ke7 82. Qb7+ Qd7 83.
Qa8 Qc7 84. Qg8 1-0

[Event "Late-Titled-Tuesday-Blitz-April-23-2024"]
[Site "Chess.com"]
[Date "2024.04.23"]
[Round "3"]
[White "ansko1999"]
[Black "Supelyel"]
[Result "1-0"]
[WhiteElo "2604"]
[BlackElo "2415"]
[TimeControl "180+1"]
[EndTime "14:32:05 PDT"]
[Termination "ansko1999 won by resignation"]

1. c4 d6 2. Nc3 e5 3. Nf3 Nf6 4. d4 Nbd7 5. Bg5 Be7 6. e3 c6 7. Be2 a6 8. O-O O-O 9. Qc2 b5 10. a3 Bb7 11. Rfd1 Qb8 12. dxe5 dxe5 13. Rxd7 Nxd7 14. Bxe7 Re8 15. Bh4 h6 16. Rd1 Qc7 17. Qf5 Re6 18. Nd2 Rae8 19. Bg3 Rf6 20. Qc2 Rfe6 21.
Bg4 R6e7 22. Bh4 f6 23. Bh5 Rd8 24. Nde4 Rf8 25. Nd6 Rd8 26. Nf5 Re6 27. Nxh6+ Kh8 28.
Nf7+ Kg8 29. Nxd8 Qxd8 30. Bg4 Re7 31. Qd3 Bc8 32. cxb5 axb5 33. Qd6 Qe8 34. Qxc6 Nf8 35. Qxe8 Rxe8 36. Bxc8 Rxc8 37. f3 Rb8 38. Be1 b4 39. axb4 Rxb4 40. Rd2 Ne6 41. Bf2 Rb3 42. g3 Nc5 43. e4 Na6 44. Kf1 Nb4 45. Rd8+ Kf7 46. Rb8 Rxb2 47. Bc5 Nd3 48. Rxb2 Nxb2 49. Be3 Nc4 50. Bc1 Na5 51. Ke2 Nc6 52. Nd5 Nd4+ 53. Kf2 Nb3 54. Be3 Na5 55. g4 Nc4 56. Ke2 Nb2 57.
Nc3 Nc4 58. Kd3 Nb2+ 59. Kc2 Nc4 60. Bc1 Nd6 61. Nd5 Nc4 62. Kd3 Nd6 63. Bd2 g5 64. Be1 Ke6 65. Bb4 Nf7 66. Be7 Nh6 67. Bxf6 Nf7 68.
Be7 Kd7 69. Bb4 Ke6 70. Bd2 Kd7 71. Ne3 Ke6 72. Nc4 Kf6 73. Bc3 Ke6 74. Be1 Nd8 75. h4 gxh4 76. Bxh4 Nc6 77. Bf2 Nb4+ 78. Ke3 Nc2+ 79.
Ke2 Nb4 80. Be1 Nc6 81. Bc3 Na7 82. Nxe5 Nb5 83. Bb2 Nd6 84. Ke3 Nb5 85. Nd3 Kf7 86. f4 Kg6 87. g5 Kf7 88. Ne5+ Kg8 89. Ng4 Nd6 90. Nf6+ Kf7 91. Nd5 Nc4+ 92. Kd4 Nxb2 93. f5 Nd1 94. g6+ Kg8 95. Ne7+ Kg7 96. Ke5 Ne3 97. f6+ Kh6 98. g7 Ng4+ 99. Ke6 Kh5 100.
g8=Q Nh6 101. Qh7 Kg5 102. Qxh6+ Kxh6 103. Kf7 Kh7 104. Nf5 Kh8 105. Ke7 Kg8 106. f7+ Kh7 107. f8=Q 1-0

[Event "Late-Titled-Tuesday-Blitz-April-23-2024"]
[Site "Chess.com"]
[Date "2024.04.23"]
[Round "3"]
[White "Slovak_fighter2000"]
[Black "Fins0905"]
[Result "1-0"]
[WhiteElo "2544"]
[BlackElo "2768"]
[TimeControl "180+1"]
[EndTime "14:32:09 PDT"]
[Termination "Slovak_fighter2000 won by resignation"]

1. d4 d5 2. Nf3 Nf6 3. c4 c6 4. e3 Bf5 5. Nc3 e6 6. Qb3 Qc7 7. Nh4 Be4 8. f3 Bg6 9. Nxg6 hxg6 10. g3 Nbd7 11. Bd2 dxc4 12. Qxc4 Bd6 13. f4 b5 14. Qe2 b4 15. Na4 Qa5 16. b3 Rc8 17. Qa6 Qxa6 18.
Bxa6 Rc7 19. O-O Ne4 20. Rfd1 Nxd2 21. Rxd2 Nb6 22. Nxb6 axb6 23. Be2 Kd7 24. Bf3 Ra8 25.
Rc1 Ra5 26. Rdc2 c5 27. dxc5 Bxc5 28. Kf2 Rca7 29. Rd1+ Ke7 30. Rdd2 f5 31. h4 e5 32. Ke2 e4 33. Bg2 Rd7 34. Rxd7+ Kxd7 35. Bf1 Ke7 36. Kf2 Ra7 37. Bb5 Ra8 38. Rd2 Bd6 39. Rc2 Rd8 40.
Ke2 Bc5 41. Rd2 Ra8 42. Rd7+ Ke6 43. Rd2 Ra5 44. Bc4+ Ke7 45. Rc2 Ra7 46. Rd2 Ra5 47. Rc2 b5 48. Bd5 Kd6 49. Bf7 Bb6 50. Bxg6 Bc5 51. Bxf5 Ra6 52. Bxe4 Ra7 53. Kf3 Re7 54. Rd2+ Kc7 55. Rc2 Kb6 56. g4 Rd7 57. g5 Rd1 58. Re2 Rg1 59. h5 Rh1 60. Bg6 Rh3+ 61. Ke4 Kc6 62.
Be8+ Kd6 63. Bxb5 Rxh5 64. Bc4 Rh3 65. f5 Ke7 66. Kf4 Bd6+ 67. Ke4 Rh4+ 68. Kd5 Rh5 69. Rg2 Rh1 70. f6+ gxf6 71. gxf6+ Kd7 72. f7 Bf8 73. Rg8 Ke7 74. Kc6 Rh5 75. Rg4 Re5 76. e4 Kf6 77. Bd5 Ke7 78. Rg8 Rh5 79. Kb5 Rh2 80. Kxb4 Rxa2 81. Kc4 Rc2+ 82. Kb5 Rf2 83. b4 Rb2 84. Kc4 Rb1 85. b5 Rc1+ 86. Kd4 Rd1+ 87. Kc5 Rc1+ 88. Kb6 Rb1 89. Kc6 Rc1+ 90. Kb7 Bh6 91. Re8+ Kd7 92. f8=Q Bxf8 93. Rxf8 1-0

[Event "Late-Titled-Tuesday-Blitz-April-23-2024"]
[Site "Chess.com"]
[Date "2024.04.23"]
[Round "3"]
[White "english_player_89"]
[Black "JSPrepz"]
[Result "1-0"]
[WhiteElo "2541"]
[BlackElo "2790"]
[TimeControl "180+1"]
[EndTime "14:32:32 PDT"]
[Termination "english_player_89 won by checkmate"]

1. e4 e5 2. Nf3 Nc6 3. Bc4 Nf6 4. d3 Be7 5. Nc3 O-O 6. a3 d6 7. O-O Kh8 8. Ng5 Qe8 9. f4 h6 10. Nf3 Bg4 11. h3 Bxf3 12. Qxf3 Nd4 13. Qf2 c6 14. Be3 Ne6 15. f5 Nc7 16. Ba2 d5 17. Bd2 Rd8 18. Kh1 Nh7 19. Rae1 b6 20. exd5 cxd5 21. Rxe5 Qd7 22. Ree1 Bf6 23. Bf4 Nb5 24. Nxd5 Bxb2 25. c4 Bd4 26. Be3 Bxe3 27. Rxe3 Nd6 28. f6 g6 29. Qf4 Nf5 30. Re7 Qd6 31. Qxd6 Rxd6 32. Rfe1 Nxf6 33. Rxa7 Nxd5 34. cxd5 Rg8 35. Rxf7 Ra8 36.
Bc4 Kg8 37. Rc7 Kf8 38. Re6 Rxe6 39. dxe6 Ne7 40. Rb7 Rxa3 41. Rxb6 h5 42. Rb7 h4 43. Kg1 Ra5 44. Kf2 Rf5+ 45. Ke3 Rg5 46. Kf3 Rg3+ 47. Kf2 Nf5 48. Rf7+ Ke8 49. Bb5+ Kd8 50. Rf8+ Ke7 51. Re8+ Kf6 52. Bc4 Nd6 53. Rf8+ Ke7 54. Rh8 Nxc4 55. dxc4 g5 56. Rh6 Rc3 57. Rg6 Rc2+ 58. Kg1 Rxc4 59. Rxg5 Kxe6 60. Kf2 Kf6 61. Rg4 Rc2+ 62. Kg1 Kf5 63.
Rxh4 Kg5 64. Rg4+ Kf5 65. Kh2 Rc3 66. Rg3 Rc2 67. Rf3+ Kg5 68. Rg3+ Kh5 69. Rg4 Rc3 70. Ra4 Rb3 71. Ra2 Rc3 72. g3 Rb3 73. Ra5+ Kg6 74. h4 Rc3 75. Kh3 Rc4 76. Ra6+ Kf5 77.
Ra5+ Kg6 78. Ra3 Rb4 79. Rf3 Rc4 80. Rf4 Rc5 81. Kg4 Ra5 82. Rb4 Ra6 83. h5+ Kh6 84. Kh4 Ra1 85. Rb6+ Kg7 86. g4 Ra5 87. Rb4 Rc5 88.
Rf4 Ra5 89. Rf5 Ra6 90. Kg5 Rb6 91. Ra5 Rb7 92. h6+ Kh7 93. Kh5 Rb1 94. Ra7+ Kg8 95. g5 Rb6 96. Rc7 Ra6 97. Rc5 Rb6 98. g6 Rb8 99. Kg5 Ra8 100. Rd5 Rb8 101. Kf5 Rf8+ 102. Ke6 Re8+ 103. Kf6 Ra8 104. Ke7 Ra7+ 105. Rd7 Rxd7+ 106. Kxd7 Kf8 107. Ke6 Ke8 108. h7 Kd8 109. h8=Q+ Kc7 110. Qf6 Kc6 111. Qf7 Kb5 112. g7 Kb4 113. g8=Q Ka3 114. Qb8 Ka2 115. Qfa7# 1-0

[Event "Late-Titled-Tuesday-Blitz-April-23-2024"]
[Site "Chess.com"]
[Date "2024.04.23"]
[Round "3"]
[White "carloseduar100"]
[Black "TheFireChess"]
[Result "1/2-1/2"]
[WhiteElo "2197"]
[BlackElo "2416"]
[TimeControl "180+1"]
[EndTime "14:32:44 PDT"]
[Termination "Game drawn by 50-move rule"]

1. d4 Nf6 2. Bg5 e6 3. e4 h6 4. Bxf6 Qxf6 5. c3 d6 6. Nd2 b6 7.
Bd3 Bb7 8. Ne2 Nd7 9. O-O g5 10. a4 Bg7 11. a5 O-O 12. f4 g4 13. e5 Qe7 14. Ng3 f5 15. exf6 Nxf6 16. Qe2 h5 17. f5 h4 18. Nh1 Rae8 19. Rae1 e5 20. dxe5 Qxe5 21. Qxe5 Rxe5 22. Rxe5 dxe5 23. Re1 Rd8 24. Bc4+ Kh7 25. Nb3 Kh6 26. Nf2 Kg5 27. Be6 Nh5 28. axb6 axb6 29. Nxg4 Kxg4 30. f6+ Kg5 31. fxg7 Nxg7 32.
Bc4 Kf6 33. Re2 Nf5 34. Nd2 Nd6 35. Bb3 e4 36. Bc2 Re8 37. Kf2 Ke5 38. Re3 Rf8+ 39. Ke1 Rg8 40. g3 hxg3 41. Rxg3 Rh8 42. Rg7 Rxh2 43. Rxc7 Bd5 44. c4 Be6 45. b4 Rh1+ 46.
Kf2 Rh2+ 47. Ke1 Bg4 48. Bd1 Rh1+ 49. Nf1 Bxd1 50. c5 bxc5 51. Rxc5+ Ke6 52. b5 Bf3 53. Kf2 Rh8 54. Ng3 Rb8 55. Ke3 Nxb5 56. Nxe4 Bxe4 57. Kxe4 Nd6+ 58. Ke3 Rb3+ 59. Kd2 Rh3 60. Ke2 Rb3 61. Rh5 Ne4 62. Kd1 Rd3+ 63. Kc1 Rc3+ 64. Kb1 Rc8 65. Ra5 Kd6 66. Rh5 Ke6 67. Ra5 Nd2+ 68. Ka2 Rc2+ 69. Ka3 Rc1 70. Ka2 Kd6 71. Rh5 Rc8 72. Ka3 Nc4+ 73. Ka2 Ne5 74. Ka3 Kd5 75. Ka2 Kd4 76. Ka3 Nd3 77. Rh6 Kc3 78.
Ka4 Ne5 79. Rh3+ Kc4 80. Rh4+ Kc5 81. Ka3 Ra8+ 82. Kb2 Nc4+ 83. Kc3 Ra3+ 84. Kc2 Rg3 85. Rh5+ Kb4 86. Rh8 Rg2+ 87. Kd3 Ne5+ 88. Ke4 Nc6 89. Rc8 Kc5 90. Kf3 Rg7 91. Rh8 Re7 92.
Rh5+ Kc4 93. Rh4+ Nd4+ 94. Kf4 Kd5 95. Kg5 Ne6+ 96. Kf6 Re8 97. Rh5+ Kd6 98. Ra5 Rf8+ 99. Kg6 Rf1 100. Ra6+ Kd7 101. Ra7+ Nc7 102. Ra3 Ke7 103. Re3+ Ne6 104. Ra3 Rf6+ 105. Kh5 Rf8 106. Kg4 Kf6 107. Ra6 1/2-1/2